Bruins vs Canadiens

Created - November 23 2010 at 18:02

Goals
1 2 3 T
Bruins 1 0 2 3
Canadiens 1 1 0 2
Shots
1 2 3 T
Bruins 9 7 6 22
Canadiens 11 9 4 24

Period #1

1. Canadiens , Tomas Plekanec 8 (Ilya Kovalchuk, Martin Havlat) at 11:22
2. Bruins , Zdeno Chara 5 (Henrik Zetterberg, David Krejci) at 19:41 (PP)

Penalties :
Dustin Brown (BOS) for Tripping (Minor) at 4:58, David Booth (MTL) for Holding (Minor) at 7:07, James Vandermeer (BOS) for Cross-checking (Minor) at 7:07, David Booth (MTL) for Roughing (Minor) at 16:21, Maxime Talbot (MTL) for Cross-checking (Minor) at 19:33

Period #2

3. Canadiens , Rick Nash 14 (Brent Seabrook, R.J. Umberger) at 0:10

Penalties :
Paul Stastny (BOS) for High sticking (Minor) at 6:07, Toni Lydman (MTL) for Boarding (Minor) at 15:51, Francis Bouillon (MTL) for Hooking (Minor) at 18:55

Period #3

4. Bruins , Paul Stastny 5 (Phil Kessel, Dustin Brown) at 1:51 (PP)
5. Bruins , Paul Stastny 6 (Dustin Brown, Niklas Kronwall) at 6:57 (PP)

Penalties :
David Booth (MTL) for High sticking (Minor) at 1:01, James Vandermeer (BOS) for Hooking (Minor) at 4:34, Cory Stillman (MTL) for Goalie Interference (Minor) at 5:44, Zdeno Chara (BOS) for Close Hand On Puck (Minor) at 9:38, R.J. Umberger (MTL) for Holding (Minor) at 15:52

Goalie Stats

Cam Ward (BOS), 22 saves from 24 shots - (0.917), W, 13-3-3, 60:00 minutes
Jaroslav Halak (MTL), 19 saves from 22 shots - (0.864), L, 9-9-2, 60:00 minutes

Players Stats

Bruins
Player Name              G  A  P  +/- PIM S  H  SB FO    MP 
------------------------------------------------------------
Andrej Meszaros          0  0  0   0  0   0  0  0  0/0   0  
Andrew Cogliano          0  0  0   0  0   2  1  0  3/11  13 
Barret Jackman           0  0  0   0  0   0  2  0  0/0   18 
Blake Wheeler            0  0  0   0  0   0  0  0  0/0   12 
Brad Marchand            0  0  0   0  0   0  0  0  0/4   13 
David Krejci             0  1  1   0  0   2  0  0  14/26 20 
Dennis Seidenberg        0  0  0  -2  0   0  2  0  0/0   21 
Dustin Brown             0  2  2   0  2   2  1  0  0/1   17 
Gregory Campbell         0  0  0   0  0   1  2  0  1/2   13 
Henrik Zetterberg        0  1  1  -2  0   2  1  0  1/1   17 
James Vandermeer         0  0  0   0  4   0  4  0  0/0   15 
Jordan Leopold           0  0  0   0  0   1  0  1  0/0   18 
Kyle Okposo              0  0  0   0  0   0  1  0  0/0   11 
Nathan Horton            0  0  0  -2  0   2  0  0  0/0   16 
Niklas Kronwall          0  1  1   0  0   0  0  1  0/0   21 
Paul Stastny             2  0  2  -2  2   3  0  0  14/25 23 
Phil Kessel              0  1  1   0  0   3  0  0  2/5   18 
Zdeno Chara              1  0  1  -2  2   4  4  3  0/0   23 
Canadiens
Player Name              G  A  P  +/- PIM S  H  SB FO    MP 
------------------------------------------------------------
Ales Hemsky              0  0  0   0  0   2  0  0  1/1   14 
Brent Seabrook           0  1  1   1  0   1  2  0  0/0   23 
Cory Stillman            0  0  0   1  2   1  2  0  0/0   19 
David Booth              0  0  0   0  6   1  0  0  0/0   13 
Ed Jovanovski            0  0  0   1  0   0  6  0  0/0   22 
Francis Bouillon         0  0  0   0  2   0  1  1  0/0   16 
Ilya Kovalchuk           0  1  1   1  0   4  1  0  1/2   19 
Kris Russell             0  0  0   0  0   0  0  0  0/0   0  
Martin Havlat            0  1  1   1  0   0  0  0  0/3   15 
Maxime Talbot            0  0  0   0  2   0  1  0  1/1   9  
Patrik Berglund          0  0  0   0  0   0  0  0  2/6   4  
R.J. Umberger            0  1  1   1  2   1  1  0  12/21 18 
Rick Nash                1  0  1   1  0   5  0  0  0/2   22 
Shawn Horcoff            0  0  0   0  0   3  1  1  8/13  17 
Tobias Enstrom           0  0  0   1  0   1  0  0  0/0   21 
Tom Gilbert              0  0  0   1  0   0  0  4  0/0   19 
Tomas Plekanec           1  0  1   1  0   3  0  1  15/26 19 
Toni Lydman              0  0  0   0  2   2  1  3  0/0   18 

3 Stars

1 - Tomas Plekanec (MTL)
2 - Rick Nash (MTL)
3 - Paul Stastny (BOS)

Power Play

Bruins - 3 on 7 Attempt(s) - 42.86%
Canadiens - 0 on 4 Attempt(s) - 0.00%

Penalty Kill

Bruins - 4 on 4 Attempt(s) - 100.00% - Score 0 goal in Penalty Kill
Canadiens - 4 on 7 Attempt(s) - 57.14% - Score 0 goal in Penalty Kill

Game Notes

The goal is going for a video replay. After video review, Goal.
Jordan Leopold is injured at 17:35 of 3rd period (Sports Hernia)

Finance

Level 1 -- Attendance: 3854 (59.29%) -- Ticket Income $481,750.00
Level 2 -- Attendance: 3334 (66.68%) -- Ticket Income $233,380.00
Level 3 -- Attendance: 2449 (69.97%) -- Ticket Income $102,858.00
Level 4 -- Attendance: 1559 (29.57%) -- Ticket Income $46,770.00
Luxury Box -- Attendance: 620 (62.00%) -- Ticket Income $155,000.00
Game was played at the Bell Centre
Total Attendance: 11816 (55.54%)
Total Ticket Income: $1,025,133.00
Other Income: $211,611.60
Total Income: $1,236,745.00


Play by Play

Period #1

0:01 of 1st period - Paul Stastny wins face-off versus R.J. Umberger in neutral zone.
0:08 of 1st period - Rick Nash is hit by Zdeno Chara and loses puck.
0:31 of 1st period - Rick Nash is hit by Zdeno Chara and loses puck.
0:41 of 1st period - Cory Stillman is hit by Dennis Seidenberg and loses puck.
1:25 of 1st period - Shot by Tomas Plekanec.
1:25 of 1st period - Shot Misses the Net.
1:29 of 1st period - Shot by Ilya Kovalchuk.
1:29 of 1st period - Shot Misses the Net.
1:56 of 1st period - Ales Hemsky is hit by Barret Jackman.
2:10 of 1st period - Shot by David Booth.
2:10 of 1st period - Stopped by Cam Ward without a rebound.
2:11 of 1st period - R.J. Umberger wins face-off versus Brad Marchand in Bruins zone.
2:34 of 1st period - Off-side.
2:35 of 1st period - David Krejci wins face-off versus Patrik Berglund in neutral zone.
3:02 of 1st period - Shot by Dustin Brown.
3:02 of 1st period - Shot Misses the Net.
3:04 of 1st period - Shot by Jordan Leopold.
3:04 of 1st period - Deflect By David Krejci.
3:04 of 1st period - Stopped by Jaroslav Halak with a rebound.
3:35 of 1st period - Icing by Paul Stastny.
3:36 of 1st period - Shawn Horcoff wins face-off versus Paul Stastny in Bruins zone.
3:36 of 1st period - Shawn Horcoff is hit by James Vandermeer.
4:02 of 1st period - Shot by Ales Hemsky.
4:02 of 1st period - Shot Misses the Net.
4:04 of 1st period - Shot by Shawn Horcoff.
4:04 of 1st period - Stopped by Cam Ward without a rebound.
4:05 of 1st period - R.J. Umberger wins face-off versus Brad Marchand in Bruins zone.
4:10 of 1st period - Shot by Cory Stillman.
4:10 of 1st period - Deflect By Rick Nash.
4:10 of 1st period - Shot Misses the Net.
4:12 of 1st period - Shot by Rick Nash.
4:12 of 1st period - Stopped by Cam Ward without a rebound.
4:13 of 1st period - R.J. Umberger wins face-off versus Andrew Cogliano in Bruins zone.
4:18 of 1st period - Shot by Rick Nash.
4:18 of 1st period - Stopped by Cam Ward with a rebound.
4:58 of 1st period - Minor Penalty to Dustin Brown for Tripping.
4:59 of 1st period - Tomas Plekanec wins face-off versus David Krejci in Bruins zone.
6:00 of 1st period - Shot by Toni Lydman.
6:00 of 1st period - Shot Misses the Net.
6:28 of 1st period - Shot by Rick Nash.
6:28 of 1st period - Stopped by Cam Ward without a rebound.
6:29 of 1st period - Paul Stastny wins face-off versus Martin Havlat in Bruins zone.
6:41 of 1st period - Shot by Toni Lydman.
6:41 of 1st period - Stopped by Cam Ward without a rebound.
6:42 of 1st period - Tomas Plekanec wins face-off versus Phil Kessel in Bruins zone.
7:07 of 1st period - Minor Penalty to David Booth for Holding.
7:07 of 1st period - Minor Penalty to James Vandermeer for Cross-checking.
7:08 of 1st period - Shawn Horcoff wins face-off versus Andrew Cogliano in Bruins zone.
7:11 of 1st period - Shot by Cory Stillman.
7:11 of 1st period - Shot Blocked by Zdeno Chara.
7:31 of 1st period - Shot by Nathan Horton.
7:31 of 1st period - Shot Blocked by Shawn Horcoff.
7:33 of 1st period - Shot by Jordan Leopold.
7:33 of 1st period - Stopped by Jaroslav Halak with a rebound.
8:11 of 1st period - Shot by Dustin Brown.
8:11 of 1st period - Stopped by Jaroslav Halak without a rebound.
8:12 of 1st period - Andrew Cogliano wins face-off versus Ilya Kovalchuk in Canadiens zone.
8:12 of 1st period - Nathan Horton is hit by Ed Jovanovski and loses puck.
9:08 of 1st period - Cory Stillman is hit by Zdeno Chara and loses puck.
9:19 of 1st period - Shot by Kyle Okposo.
9:19 of 1st period - Shot Blocked by Toni Lydman.
9:23 of 1st period - Shot by Zdeno Chara.
9:23 of 1st period - Stopped by Jaroslav Halak without a rebound.
9:24 of 1st period - R.J. Umberger wins face-off versus Paul Stastny in Canadiens zone.
9:30 of 1st period - Cory Stillman is hit by James Vandermeer and loses puck.
10:27 of 1st period - Shot by Phil Kessel.
10:27 of 1st period - Stopped by Jaroslav Halak without a rebound.
10:28 of 1st period - Shawn Horcoff wins face-off versus Gregory Campbell in Canadiens zone.
10:52 of 1st period - Shot by Shawn Horcoff.
10:52 of 1st period - Stopped by Cam Ward without a rebound.
10:53 of 1st period - Tomas Plekanec wins face-off versus Paul Stastny in Bruins zone.
10:56 of 1st period - Shot by Ilya Kovalchuk.
10:56 of 1st period - Stopped by Cam Ward without a rebound.
10:57 of 1st period - Tomas Plekanec wins face-off versus Paul Stastny in Bruins zone.
11:20 of 1st period - Shot by Ilya Kovalchuk.
11:20 of 1st period - Shot Blocked by Zdeno Chara.
11:22 of 1st period - Shot by Tomas Plekanec.
11:22 of 1st period - Goal by Tomas Plekanec - Bruins : 0 - Canadiens : 1.
11:23 of 1st period - Shawn Horcoff wins face-off versus Brad Marchand in neutral zone.
11:44 of 1st period - Shot by Shawn Horcoff.
11:44 of 1st period - Stopped by Cam Ward without a rebound.
11:45 of 1st period - Tomas Plekanec wins face-off versus Phil Kessel in Bruins zone.
12:47 of 1st period - Shot by Ales Hemsky.
12:47 of 1st period - Stopped by Cam Ward without a rebound.
12:48 of 1st period - R.J. Umberger wins face-off versus Andrew Cogliano in Bruins zone.
12:59 of 1st period - Shot by Brad Marchand.
12:59 of 1st period - Shot Blocked by Tom Gilbert.
13:01 of 1st period - Shot by Brad Marchand.
13:01 of 1st period - Shot Misses the Net.
13:03 of 1st period - Shot by Jordan Leopold.
13:03 of 1st period - Shot Blocked by Tom Gilbert.
13:07 of 1st period - Shot by Gregory Campbell.
13:07 of 1st period - Shot Misses the Net.
13:09 of 1st period - Shot by Niklas Kronwall.
13:09 of 1st period - Shot Misses the Net.
13:11 of 1st period - Shot by Gregory Campbell.
13:11 of 1st period - Stopped by Jaroslav Halak with a rebound.
13:13 of 1st period - Shot by Brad Marchand.
13:13 of 1st period - Shot Misses the Net.
13:15 of 1st period - Shot by Gregory Campbell.
13:15 of 1st period - Shot Blocked by Tom Gilbert.
13:17 of 1st period - Shot by Andrew Cogliano.
13:17 of 1st period - Stopped by Jaroslav Halak without a rebound.
13:18 of 1st period - Shawn Horcoff wins face-off versus Paul Stastny in Canadiens zone.
13:18 of 1st period - Shawn Horcoff is hit by Kyle Okposo.
14:37 of 1st period - Phil Kessel is hit by Brent Seabrook and loses puck.
15:42 of 1st period - Icing by Zdeno Chara.
15:43 of 1st period - R.J. Umberger wins face-off versus Paul Stastny in Bruins zone.
16:21 of 1st period - Minor Penalty to David Booth for Roughing.
16:22 of 1st period - David Krejci wins face-off versus Tomas Plekanec in Canadiens zone.
16:47 of 1st period - Shot by Phil Kessel.
16:47 of 1st period - Shot Misses the Net.
16:51 of 1st period - Shot by Phil Kessel.
16:51 of 1st period - Shot Misses the Net.
18:28 of 1st period - Ilya Kovalchuk is hit by Barret Jackman and loses puck.
18:38 of 1st period - Icing by Andrew Cogliano.
18:39 of 1st period - Andrew Cogliano wins face-off versus Martin Havlat in Bruins zone.
19:23 of 1st period - Shot by Henrik Zetterberg.
19:23 of 1st period - Stopped by Jaroslav Halak without a rebound.
19:24 of 1st period - David Krejci wins face-off versus Patrik Berglund in Canadiens zone.
19:33 of 1st period - Minor Penalty to Maxime Talbot for Cross-checking.
19:34 of 1st period - David Krejci wins face-off versus Tomas Plekanec in Canadiens zone.
19:41 of 1st period - Shot by Zdeno Chara.
19:41 of 1st period - Goal by Zdeno Chara - Bruins : 1 - Canadiens : 1.
19:42 of 1st period - Paul Stastny wins face-off versus Patrik Berglund in neutral zone.
19:54 of 1st period - Icing by Toni Lydman.
19:55 of 1st period - Patrik Berglund wins face-off versus David Krejci in Canadiens zone.

Period #2

0:01 of 2nd period - R.J. Umberger wins face-off versus Paul Stastny in neutral zone.
0:10 of 2nd period - Shot by Rick Nash.
0:10 of 2nd period - Goal by Rick Nash - Bruins : 1 - Canadiens : 2.
0:11 of 2nd period - David Krejci wins face-off versus Tomas Plekanec in neutral zone.
0:44 of 2nd period - Shot by David Krejci.
0:44 of 2nd period - Shot Misses the Net.
1:02 of 2nd period - Off-side.
1:03 of 2nd period - Paul Stastny wins face-off versus R.J. Umberger in neutral zone.
2:48 of 2nd period - Shot by Paul Stastny.
2:48 of 2nd period - Stopped by Jaroslav Halak without a rebound.
2:49 of 2nd period - Tomas Plekanec wins face-off versus Dustin Brown in Canadiens zone.
3:23 of 2nd period - Shot by Ilya Kovalchuk.
3:23 of 2nd period - Stopped by Cam Ward without a rebound.
3:24 of 2nd period - Paul Stastny wins face-off versus R.J. Umberger in Bruins zone.
3:28 of 2nd period - Zdeno Chara is hit by Cory Stillman and loses puck.
4:43 of 2nd period - Shot by Ilya Kovalchuk.
4:43 of 2nd period - Shot Blocked by Niklas Kronwall.
4:49 of 2nd period - Shot by Tomas Plekanec.
4:49 of 2nd period - Deflect By Ilya Kovalchuk.
4:49 of 2nd period - Stopped by Cam Ward without a rebound.
4:50 of 2nd period - David Krejci wins face-off versus Tomas Plekanec in Bruins zone.
4:56 of 2nd period - Dustin Brown is hit by Ilya Kovalchuk and loses puck.
5:10 of 2nd period - Icing by Ed Jovanovski.
5:11 of 2nd period - Gregory Campbell wins face-off versus Tomas Plekanec in Canadiens zone.
5:11 of 2nd period - Gregory Campbell is hit by Ed Jovanovski.
5:21 of 2nd period - Shot by Ilya Kovalchuk.
5:21 of 2nd period - Stopped by Cam Ward with a rebound.
5:23 of 2nd period - Shot by Tomas Plekanec.
5:23 of 2nd period - Stopped by Cam Ward without a rebound.
5:24 of 2nd period - R.J. Umberger wins face-off versus David Krejci in Bruins zone.
5:27 of 2nd period - Shot by Cory Stillman.
5:27 of 2nd period - Stopped by Cam Ward with a rebound.
6:06 of 2nd period - Rick Nash is hit by Henrik Zetterberg.
6:07 of 2nd period - Minor Penalty to Paul Stastny for High sticking.
6:08 of 2nd period - Tomas Plekanec wins face-off versus David Krejci in Bruins zone.
6:53 of 2nd period - Shot by Brent Seabrook.
6:53 of 2nd period - Stopped by Cam Ward with a rebound.
8:04 of 2nd period - Icing by R.J. Umberger.
8:05 of 2nd period - Ales Hemsky wins face-off versus Phil Kessel in Canadiens zone.
8:32 of 2nd period - Shot by Kyle Okposo.
8:32 of 2nd period - Shot Misses the Net.
9:13 of 2nd period - Icing by Zdeno Chara.
9:14 of 2nd period - Paul Stastny wins face-off versus Martin Havlat in Bruins zone.
10:37 of 2nd period - Off-side.
10:38 of 2nd period - David Krejci wins face-off versus R.J. Umberger in neutral zone.
12:02 of 2nd period - Shot by Tomas Plekanec.
12:02 of 2nd period - Stopped by Cam Ward without a rebound.
12:03 of 2nd period - David Krejci wins face-off versus Shawn Horcoff in Bruins zone.
12:12 of 2nd period - Shot by Nathan Horton.
12:12 of 2nd period - Deflect By Henrik Zetterberg.
12:12 of 2nd period - Shot Blocked by Francis Bouillon.
12:26 of 2nd period - Shot by Nathan Horton.
12:26 of 2nd period - Shot Misses the Net.
12:30 of 2nd period - Shot by Zdeno Chara.
12:30 of 2nd period - Stopped by Jaroslav Halak without a rebound.
12:31 of 2nd period - Patrik Berglund wins face-off versus Andrew Cogliano in Canadiens zone.
12:31 of 2nd period - Patrik Berglund is hit by Gregory Campbell.
13:51 of 2nd period - Icing by Zdeno Chara.
13:52 of 2nd period - Paul Stastny wins face-off versus R.J. Umberger in Bruins zone.
14:24 of 2nd period - Shot by Rick Nash.
14:24 of 2nd period - Stopped by Cam Ward without a rebound.
14:25 of 2nd period - Tomas Plekanec wins face-off versus David Krejci in Bruins zone.
15:20 of 2nd period - Shot by Nathan Horton.
15:20 of 2nd period - Stopped by Jaroslav Halak without a rebound.
15:21 of 2nd period - Ilya Kovalchuk wins face-off versus Andrew Cogliano in Canadiens zone.
15:23 of 2nd period - Brent Seabrook is hit by Gregory Campbell and loses puck.
15:42 of 2nd period - Shot by Andrew Cogliano.
15:42 of 2nd period - Stopped by Jaroslav Halak without a rebound.
15:43 of 2nd period - Paul Stastny wins face-off versus Shawn Horcoff in Canadiens zone.
15:51 of 2nd period - Minor Penalty to Toni Lydman for Boarding.
15:52 of 2nd period - David Krejci wins face-off versus Tomas Plekanec in Canadiens zone.
15:52 of 2nd period - David Krejci is hit by Ed Jovanovski.
17:06 of 2nd period - Dustin Brown is hit by Ed Jovanovski and loses puck.
17:21 of 2nd period - James Vandermeer is hit by Maxime Talbot and loses puck.
17:30 of 2nd period - Icing by Barret Jackman.
17:31 of 2nd period - Shawn Horcoff wins face-off versus David Krejci in Bruins zone.
18:07 of 2nd period - R.J. Umberger is hit by James Vandermeer and loses puck.
18:45 of 2nd period - Paul Stastny is hit by Toni Lydman and loses puck.
18:55 of 2nd period - Minor Penalty to Francis Bouillon for Hooking.
18:56 of 2nd period - Maxime Talbot wins face-off versus David Krejci in Canadiens zone.
19:05 of 2nd period - Shot by Zdeno Chara.
19:05 of 2nd period - Shot Misses the Net.
19:07 of 2nd period - Shot by Zdeno Chara.
19:07 of 2nd period - Stopped by Jaroslav Halak without a rebound.
19:08 of 2nd period - Paul Stastny wins face-off versus Shawn Horcoff in Canadiens zone.
19:21 of 2nd period - Shot by Paul Stastny.
19:21 of 2nd period - Shot Blocked by Toni Lydman.
19:31 of 2nd period - Shot by Dustin Brown.
19:31 of 2nd period - Stopped by Jaroslav Halak without a rebound.
19:32 of 2nd period - Tomas Plekanec wins face-off versus Brad Marchand in Canadiens zone.
19:53 of 2nd period - Shot by David Krejci.
19:53 of 2nd period - Stopped by Jaroslav Halak without a rebound.
19:54 of 2nd period - Shawn Horcoff wins face-off versus Paul Stastny in Canadiens zone.

Period #3

0:01 of 3rd period - David Krejci wins face-off versus Shawn Horcoff in neutral zone.
0:13 of 3rd period - Icing by Zdeno Chara.
0:14 of 3rd period - Tomas Plekanec wins face-off versus David Krejci in Bruins zone.
0:32 of 3rd period - Icing by Nathan Horton.
0:33 of 3rd period - David Krejci wins face-off versus Rick Nash in Bruins zone.
0:33 of 3rd period - David Krejci is hit by Shawn Horcoff.
1:01 of 3rd period - Minor Penalty to David Booth for High sticking.
1:02 of 3rd period - Tomas Plekanec wins face-off versus Paul Stastny in Canadiens zone.
1:21 of 3rd period - Shot by Phil Kessel.
1:21 of 3rd period - Stopped by Jaroslav Halak without a rebound.
1:22 of 3rd period - Tomas Plekanec wins face-off versus Paul Stastny in Canadiens zone.
1:49 of 3rd period - Shot by Phil Kessel.
1:49 of 3rd period - Shot Misses the Net.
1:51 of 3rd period - Shot by Paul Stastny.
1:51 of 3rd period - Goal by Paul Stastny - Bruins : 2 - Canadiens : 2.
1:52 of 3rd period - Paul Stastny wins face-off versus Tomas Plekanec in neutral zone.
1:54 of 3rd period - Zdeno Chara is hit by Ed Jovanovski and loses puck.
2:08 of 3rd period - Paul Stastny is hit by Ed Jovanovski and loses puck.
2:17 of 3rd period - Shot by Kyle Okposo.
2:17 of 3rd period - Shot Misses the Net.
2:23 of 3rd period - Shot by Paul Stastny.
2:23 of 3rd period - Shot Misses the Net.
2:55 of 3rd period - Icing by Jordan Leopold.
2:56 of 3rd period - R.J. Umberger wins face-off versus Andrew Cogliano in Bruins zone.
2:57 of 3rd period - Shot by Rick Nash.
2:57 of 3rd period - Shot Blocked by Jordan Leopold.
4:16 of 3rd period - Shot by Ales Hemsky.
4:16 of 3rd period - Deflect By David Booth.
4:16 of 3rd period - Shot Misses the Net.
4:20 of 3rd period - Shot by Ales Hemsky.
4:20 of 3rd period - Stopped by Cam Ward without a rebound.
4:21 of 3rd period - Phil Kessel wins face-off versus Tomas Plekanec in Bruins zone.
4:30 of 3rd period - Ilya Kovalchuk is hit by James Vandermeer and loses puck.
4:34 of 3rd period - Minor Penalty to James Vandermeer for Hooking.
4:35 of 3rd period - Tomas Plekanec wins face-off versus David Krejci in Bruins zone.
5:19 of 3rd period - Shot by Phil Kessel.
5:19 of 3rd period - Stopped by Jaroslav Halak without a rebound.
5:20 of 3rd period - R.J. Umberger wins face-off versus David Krejci in Canadiens zone.
5:43 of 3rd period - Shot by Cory Stillman.
5:43 of 3rd period - Shot Blocked by Zdeno Chara.
5:44 of 3rd period - Minor Penalty to Cory Stillman for Goalie Interference.
5:45 of 3rd period - Andrew Cogliano wins face-off versus Shawn Horcoff in Canadiens zone.
6:53 of 3rd period - Shot by Niklas Kronwall.
6:53 of 3rd period - Shot Blocked by Tomas Plekanec.
6:57 of 3rd period - Shot by Dustin Brown.
6:57 of 3rd period - Deflect By Paul Stastny.
6:57 of 3rd period - The goal is going for a video replay.
6:57 of 3rd period - The goal is good.
6:57 of 3rd period - Goal by Paul Stastny - Bruins : 3 - Canadiens : 2.
6:58 of 3rd period - Paul Stastny wins face-off versus R.J. Umberger in neutral zone.
7:12 of 3rd period - James Vandermeer is hit by Cory Stillman and loses puck.
7:30 of 3rd period - Cory Stillman is hit by Zdeno Chara and loses puck.
8:21 of 3rd period - Shot by Ales Hemsky.
8:21 of 3rd period - Shot Hit the Post.
8:26 of 3rd period - Shot by Toni Lydman.
8:26 of 3rd period - Stopped by Cam Ward without a rebound.
8:27 of 3rd period - David Krejci wins face-off versus Patrik Berglund in Bruins zone.
9:10 of 3rd period - Brent Seabrook is hit by Dustin Brown and loses puck.
9:38 of 3rd period - Minor Penalty to Zdeno Chara for Close Hand On Puck.
9:39 of 3rd period - Tomas Plekanec wins face-off versus David Krejci in Bruins zone.
9:58 of 3rd period - Shot by Tomas Plekanec.
9:58 of 3rd period - Shot Misses the Net.
10:00 of 3rd period - Shot by Tobias Enstrom.
10:00 of 3rd period - Stopped by Cam Ward without a rebound.
10:01 of 3rd period - David Krejci wins face-off versus R.J. Umberger in Bruins zone.
10:17 of 3rd period - Shot by R.J. Umberger.
10:17 of 3rd period - Stopped by Cam Ward without a rebound.
10:18 of 3rd period - Phil Kessel wins face-off versus Tomas Plekanec in Bruins zone.
11:22 of 3rd period - Shot by Brent Seabrook.
11:22 of 3rd period - Shot Misses the Net.
12:49 of 3rd period - Blake Wheeler is hit by Brent Seabrook and loses puck.
13:19 of 3rd period - Icing by Tom Gilbert.
13:20 of 3rd period - R.J. Umberger wins face-off versus David Krejci in Canadiens zone.
13:22 of 3rd period - Icing by Rick Nash.
13:23 of 3rd period - David Krejci wins face-off versus R.J. Umberger in Canadiens zone.
13:37 of 3rd period - Shot by Phil Kessel.
13:37 of 3rd period - Shot Blocked by Tom Gilbert.
13:40 of 3rd period - Icing by Tobias Enstrom.
13:41 of 3rd period - Paul Stastny wins face-off versus Rick Nash in Canadiens zone.
13:57 of 3rd period - Rick Nash is hit by Dennis Seidenberg and loses puck.
14:12 of 3rd period - Shot by Shawn Horcoff.
14:12 of 3rd period - Shot Misses the Net.
14:14 of 3rd period - Shot by Toni Lydman.
14:14 of 3rd period - Shot Misses the Net.
14:18 of 3rd period - Shot by Ales Hemsky.
14:18 of 3rd period - Shot Misses the Net.
15:52 of 3rd period - Minor Penalty to R.J. Umberger for Holding.
15:53 of 3rd period - Tomas Plekanec wins face-off versus Andrew Cogliano in Canadiens zone.
15:53 of 3rd period - Tomas Plekanec is hit by Andrew Cogliano.
16:07 of 3rd period - Shot by Nathan Horton.
16:07 of 3rd period - Stopped by Jaroslav Halak without a rebound.
16:08 of 3rd period - Shawn Horcoff wins face-off versus Andrew Cogliano in Canadiens zone.
17:14 of 3rd period - Shot by David Krejci.
17:14 of 3rd period - Shot Blocked by Toni Lydman.
17:29 of 3rd period - Icing by Brad Marchand.
17:30 of 3rd period - Paul Stastny wins face-off versus Tomas Plekanec in Bruins zone.
17:34 of 3rd period - Jordan Leopold is hit by Francis Bouillon and loses puck.
17:35 of 3rd period - Jordan Leopold from Bruins is injured at 17:35 of 3rd period (Sports Hernia).
17:36 of 3rd period - Paul Stastny wins face-off versus Tomas Plekanec in Canadiens zone.
17:47 of 3rd period - Shot by Paul Stastny.
17:47 of 3rd period - Shot Misses the Net.
17:51 of 3rd period - Shot by Henrik Zetterberg.
17:51 of 3rd period - Stopped by Jaroslav Halak with a rebound.
19:03 of 3rd period - Off-side.
19:04 of 3rd period - Henrik Zetterberg wins face-off versus R.J. Umberger in neutral zone.
19:23 of 3rd period - Shot by Henrik Zetterberg.
19:23 of 3rd period - Shot Misses the Net.
19:42 of 3rd period - Icing by Ed Jovanovski.
19:43 of 3rd period - R.J. Umberger wins face-off versus Paul Stastny in Canadiens zone.
19:48 of 3rd period - Zdeno Chara is hit by R.J. Umberger and loses puck.


Output by the SimonT Hockey Simulator (STHS) for Stephane Roy -- Original Page W3C XHTML 1.0 Valid